Workbook

Sheet ЛСР
B2: Локальный сметный расчет (ЛСР) №6
B3: Объект: «Комплексная застройка территории, расположенной в границах улиц: Тобольский тракт - Обход города Тюмени (мкр. Губернаторский). Многоэтажный жилой дом с подземным паркингом ГП-72.106» Секция 5
B4: Ведомость объемов работ и расхода материалов по работе: Устройство системы водоснабжения и сопутствующим работам (согласно проекту шифр ВК, стадия Р)
A6: № | B6: Наименование | C6: Артикул, марка, производитель | D6: Характеристика | E6: Ед. изм. | F6: Норма расхода | G6: Секция 5 | H6: Количество | I6: Цена за ед., руб | J6: Сумма, руб | K6: Примечание | L6: Форма закупа материала
A8: 11 | B8: Внутренние инженерные сети
A9: 11.02 | B9: Устройство системы водоснабжения | J9: =SUM($J$116,$J$10) -> 0
A10: 11.02.02 | B10: Устройство водоснабжения (горизонтальная разводка) | J10: =SUM($J$11) -> 0
A11: 11.02.02.00 | B11: Устройство водоснабжения (горизонтальная разводка) | J11: =SUM($J$102,$J$100,$J$96,$J$94,$J$92,$J$90,$J$82,$J$80,$J$78,$J$76,$J$74,$J$72,$J$70,$J$68,$J$66,$J$64,$J$56,$J$54,$J$47,$J$45,$J$41,$J$39,$J$33,$J$31,$J$29,$J$27,$J$16,$J$14,$J$12,J111) -> 0
B12: Работы: | J12: =SUM($J$13) -> 0
B13: Бурение отверстий до 100мм | E13: шт | G13: 30 | H13: =SUM($G$13:$G$13) -> 30 | I13: {=INDEX(Р[Цена за ед., руб],MATCH(1,IF(($B13=Р[Наименование])*($K13=Р[Примечание]),{1},($B13=Р[Наименование])*($K13=Р[Примечание])),0))} -> 0 | J13: =ROUND($H$13*$I$13,2) -> 0
B14: Работы: | J14: =SUM($J$15) -> 0
B15: Изоляция трубопровода | E15: м | G15: 1263 | H15: =SUM($G$15:$G$15) -> 1263 | I15: {=INDEX(Р[Цена за ед., руб],MATCH(1,IF(($B15=Р[Наименование])*($K15=Р[Примечание]),{1},($B15=Р[Наименование])*($K15=Р[Примечание])),0))} -> 0 | J15: =ROUND($H$15*$I$15,2) -> 0
B16: Материалы: | J16: =SUM($J$17:$J$26) -> 0
A17: 1 | B17: Теплоизоляция трубная | C17: K-FLEX | D17: 76х13мм вспененный полиэтилен | E17: пог. м | G17: 105 | H17: =SUM($G$17:$G$17) -> 105 | I17: {=INDEX(М[Цена за ед., руб],MATCH(1,IF(($B17=М[Наим.])*($C17=М[Артикул, марка, произв.])*($D17=М[Хар-ка])*($K17=М[Прим.]),{1},($B17=М[Наим.])*($C17=М[Артикул, марка, произв.])*($D17=М[Хар-ка])*($K17=М[Прим.])),0))} -> 0 | J17: =ROUND($H$17*$I$17,2) -> 0 | L17: {=INDEX(М[Форма закупа],MATCH(1,IF(($B17=М[Наим.])*($C17=М[Артикул, марка, произв.])*($D17=М[Хар-ка])*($K17=М[Прим.]),{1},($B17=М[Наим.])*($C17=М[Артикул, марка, произв.])*($D17=М[Хар-ка])*($K17=М[Прим.])),0))} -> 0
A18: 2 | B18: Теплоизоляция трубная | C18: K-FLEX | D18: 89х13мм вспененный полиэтилен | E18: пог. м | G18: 30 | H18: =SUM($G$18:$G$18) -> 30 | I18: {=INDEX(М[Цена за ед., руб],MATCH(1,IF(($B18=М[Наим.])*($C18=М[Артикул, марка, произв.])*($D18=М[Хар-ка])*($K18=М[Прим.]),{1},($B18=М[Наим.])*($C18=М[Артикул, марка, произв.])*($D18=М[Хар-ка])*($K18=М[Прим.])),0))} -> 0 | J18: =ROUND($H$18*$I$18,2) -> 0 | L18: {=INDEX(М[Форма закупа],MATCH(1,IF(($B18=М[Наим.])*($C18=М[Артикул, марка, произв.])*($D18=М[Хар-ка])*($K18=М[Прим.]),{1},($B18=М[Наим.])*($C18=М[Артикул, марка, произв.])*($D18=М[Хар-ка])*($K18=М[Прим.])),0))} -> 0
A19: 3 | B19: Теплоизоляция трубная | C19: K-FLEX | D19: 57х13мм вспененный полиэтилен | E19: пог. м | G19: 20 | H19: =SUM($G$19:$G$19) -> 20 | I19: {=INDEX(М[Цена за ед., руб],MATCH(1,IF(($B19=М[Наим.])*($C19=М[Артикул, марка, произв.])*($D19=М[Хар-ка])*($K19=М[Прим.]),{1},($B19=М[Наим.])*($C19=М[Артикул, марка, произв.])*($D19=М[Хар-ка])*($K19=М[Прим.])),0))} -> 0 | J19: =ROUND($H$19*$I$19,2) -> 0 | L19: {=INDEX(М[Форма закупа],MATCH(1,IF(($B19=М[Наим.])*($C19=М[Артикул, марка, произв.])*($D19=М[Хар-ка])*($K19=М[Прим.]),{1},($B19=М[Наим.])*($C19=М[Артикул, марка, произв.])*($D19=М[Хар-ка])*($K19=М[Прим.])),0))} -> 0
A20: 4 | B20: Теплоизоляция трубная | C20: K-FLEX | D20: 50х13мм вспененный полиэтилен | E20: пог. м | G20: 72 | H20: =SUM($G$20:$G$20) -> 72 | I20: {=INDEX(М[Цена за ед., руб],MATCH(1,IF(($B20=М[Наим.])*($C20=М[Артикул, марка, произв.])*($D20=М[Хар-ка])*($K20=М[Прим.]),{1},($B20=М[Наим.])*($C20=М[Артикул, марка, произв.])*($D20=М[Хар-ка])*($K20=М[Прим.])),0))} -> 0 | J20: =ROUND($H$20*$I$20,2) -> 0 | L20: {=INDEX(М[Форма закупа],MATCH(1,IF(($B20=М[Наим.])*($C20=М[Артикул, марка, произв.])*($D20=М[Хар-ка])*($K20=М[Прим.]),{1},($B20=М[Наим.])*($C20=М[Артикул, марка, произв.])*($D20=М[Хар-ка])*($K20=М[Прим.])),0))} -> 0
A21: 5 | B21: Теплоизоляция трубная | C21: K-FLEX | D21: 92х13мм вспененный полиэтилен | E21: пог. м | G21: 130 | H21: =SUM($G$21:$G$21) -> 130 | I21: {=INDEX(М[Цена за ед., руб],MATCH(1,IF(($B21=М[Наим.])*($C21=М[Артикул, марка, произв.])*($D21=М[Хар-ка])*($K21=М[Прим.]),{1},($B21=М[Наим.])*($C21=М[Артикул, марка, произв.])*($D21=М[Хар-ка])*($K21=М[Прим.])),0))} -> 0 | J21: =ROUND($H$21*$I$21,2) -> 0 | L21: {=INDEX(М[Форма закупа],MATCH(1,IF(($B21=М[Наим.])*($C21=М[Артикул, марка, произв.])*($D21=М[Хар-ка])*($K21=М[Прим.]),{1},($B21=М[Наим.])*($C21=М[Артикул, марка, произв.])*($D21=М[Хар-ка])*($K21=М[Прим.])),0))} -> 0
A22: 6 | B22: Теплоизоляция трубная | C22: K-FLEX | D22: 110х13мм вспененный полиэтилен | E22: пог. м | G22: 12 | H22: =SUM($G$22:$G$22) -> 12 | I22: {=INDEX(М[Цена за ед., руб],MATCH(1,IF(($B22=М[Наим.])*($C22=М[Артикул, марка, произв.])*($D22=М[Хар-ка])*($K22=М[Прим.]),{1},($B22=М[Наим.])*($C22=М[Артикул, марка, произв.])*($D22=М[Хар-ка])*($K22=М[Прим.])),0))} -> 0 | J22: =ROUND($H$22*$I$22,2) -> 0 | L22: {=INDEX(М[Форма закупа],MATCH(1,IF(($B22=М[Наим.])*($C22=М[Артикул, марка, произв.])*($D22=М[Хар-ка])*($K22=М[Прим.]),{1},($B22=М[Наим.])*($C22=М[Артикул, марка, произв.])*($D22=М[Хар-ка])*($K22=М[Прим.])),0))} -> 0
A23: 7 | B23: Теплоизоляция трубная | C23: K-FLEX | D23: 63х13мм вспененный полиэтилен | E23: пог. м | G23: 104 | H23: =SUM($G$23:$G$23) -> 104 | I23: {=INDEX(М[Цена за ед., руб],MATCH(1,IF(($B23=М[Наим.])*($C23=М[Артикул, марка, произв.])*($D23=М[Хар-ка])*($K23=М[Прим.]),{1},($B23=М[Наим.])*($C23=М[Артикул, марка, произв.])*($D23=М[Хар-ка])*($K23=М[Прим.])),0))} -> 0 | J23: =ROUND($H$23*$I$23,2) -> 0 | L23: {=INDEX(М[Форма закупа],MATCH(1,IF(($B23=М[Наим.])*($C23=М[Артикул, марка, произв.])*($D23=М[Хар-ка])*($K23=М[Прим.]),{1},($B23=М[Наим.])*($C23=М[Артикул, марка, произв.])*($D23=М[Хар-ка])*($K23=М[Прим.])),0))} -> 0
A24: 8 | B24: Теплоизоляция трубная | C24: K-FLEX | D24: 28х13мм вспененный полиэтилен | E24: пог. м | G24: 716 | H24: =SUM($G$24:$G$24) -> 716 | I24: {=INDEX(М[Цена за ед., руб],MATCH(1,IF(($B24=М[Наим.])*($C24=М[Артикул, марка, произв.])*($D24=М[Хар-ка])*($K24=М[Прим.]),{1},($B24=М[Наим.])*($C24=М[Артикул, марка, произв.])*($D24=М[Хар-ка])*($K24=М[Прим.])),0))} -> 0 | J24: =ROUND($H$24*$I$24,2) -> 0 | L24: {=INDEX(М[Форма закупа],MATCH(1,IF(($B24=М[Наим.])*($C24=М[Артикул, марка, произв.])*($D24=М[Хар-ка])*($K24=М[Прим.]),{1},($B24=М[Наим.])*($C24=М[Артикул, марка, произв.])*($D24=М[Хар-ка])*($K24=М[Прим.])),0))} -> 0
A25: 9 | B25: Теплоизоляция трубная | C25: K-FLEX | D25: 35х13мм вспененный полиэтилен | E25: пог. м | G25: 62 | H25: =SUM($G$25:$G$25) -> 62 | I25: {=INDEX(М[Цена за ед., руб],MATCH(1,IF(($B25=М[Наим.])*($C25=М[Артикул, марка, произв.])*($D25=М[Хар-ка])*($K25=М[Прим.]),{1},($B25=М[Наим.])*($C25=М[Артикул, марка, произв.])*($D25=М[Хар-ка])*($K25=М[Прим.])),0))} -> 0 | J25: =ROUND($H$25*$I$25,2) -> 0 | L25: {=INDEX(М[Форма закупа],MATCH(1,IF(($B25=М[Наим.])*($C25=М[Артикул, марка, произв.])*($D25=М[Хар-ка])*($K25=М[Прим.]),{1},($B25=М[Наим.])*($C25=М[Артикул, марка, произв.])*($D25=М[Хар-ка])*($K25=М[Прим.])),0))} -> 0
A26: 10 | B26: Теплоизоляция трубная | C26: K-FLEX | D26: 42х13мм вспененный полиэтилен | E26: пог. м | G26: 12 | H26: =SUM($G$26:$G$26) -> 12 | I26: {=INDEX(М[Цена за ед., руб],MATCH(1,IF(($B26=М[Наим.])*($C26=М[Артикул, марка, произв.])*($D26=М[Хар-ка])*($K26=М[Прим.]),{1},($B26=М[Наим.])*($C26=М[Артикул, марка, произв.])*($D26=М[Хар-ка])*($K26=М[Прим.])),0))} -> 0 | J26: =ROUND($H$26*$I$26,2) -> 0 | L26: {=INDEX(М[Форма закупа],MATCH(1,IF(($B26=М[Наим.])*($C26=М[Артикул, марка, произв.])*($D26=М[Хар-ка])*($K26=М[Прим.]),{1},($B26=М[Наим.])*($C26=М[Артикул, марка, произв.])*($D26=М[Хар-ка])*($K26=М[Прим.])),0))} -> 0
B27: Работы: | J27: =SUM($J$28) -> 0
B28: Монтаж затвора | E28: шт | G28: 2 | H28: =SUM($G$28:$G$28) -> 2 | I28: {=INDEX(Р[Цена за ед., руб],MATCH(1,IF(($B28=Р[Наименование])*($K28=Р[Примечание]),{1},($B28=Р[Наименование])*($K28=Р[Примечание])),0))} -> 0 | J28: =ROUND($H$28*$I$28,2) -> 0
B29: Материалы: | J29: =SUM($J$30) -> 0
A30: 1 | B30: Затвор поворотный дисковый | C30: REON | D30: межфланцевый Ду-80 Py-16bar ручной с контролем положения | E30: шт | G30: 2 | H30: =SUM($G$30:$G$30) -> 2 | I30: {=INDEX(М[Цена за ед., руб],MATCH(1,IF(($B30=М[Наим.])*($C30=М[Артикул, марка, произв.])*($D30=М[Хар-ка])*($K30=М[Прим.]),{1},($B30=М[Наим.])*($C30=М[Артикул, марка, произв.])*($D30=М[Хар-ка])*($K30=М[Прим.])),0))} -> 0 | J30: =ROUND($H$30*$I$30,2) -> 0 | L30: {=INDEX(М[Форма закупа],MATCH(1,IF(($B30=М[Наим.])*($C30=М[Артикул, марка, произв.])*($D30=М[Хар-ка])*($K30=М[Прим.]),{1},($B30=М[Наим.])*($C30=М[Артикул, марка, произв.])*($D30=М[Хар-ка])*($K30=М[Прим.])),0))} -> 0
B31: Работы: | J31: =SUM($J$32) -> 0
B32: Монтаж клапана (фланцевые, резьбовые) до 32 мм | E32: шт | G32: 11 | H32: =SUM($G$32:$G$32) -> 11 | I32: {=INDEX(Р[Цена за ед., руб],MATCH(1,IF(($B32=Р[Наименование])*($K32=Р[Примечание]),{1},($B32=Р[Наименование])*($K32=Р[Примечание])),0))} -> 0 | J32: =ROUND($H$32*$I$32,2) -> 0
B33: Материалы: | J33: =SUM($J$34:$J$38) -> 0
A34: 1 | B34: Клапан балансировочный | C34: Weser | D34: ручной MVT-R Ду-25 Ру-16бар | E34: шт | G34: 4 | H34: =SUM($G$34:$G$34) -> 4 | I34: {=INDEX(М[Цена за ед., руб],MATCH(1,IF(($B34=М[Наим.])*($C34=М[Артикул, марка, произв.])*($D34=М[Хар-ка])*($K34=М[Прим.]),{1},($B34=М[Наим.])*($C34=М[Артикул, марка, произв.])*($D34=М[Хар-ка])*($K34=М[Прим.])),0))} -> 0 | J34: =ROUND($H$34*$I$34,2) -> 0 | L34: {=INDEX(М[Форма закупа],MATCH(1,IF(($B34=М[Наим.])*($C34=М[Артикул, марка, произв.])*($D34=М[Хар-ка])*($K34=М[Прим.]),{1},($B34=М[Наим.])*($C34=М[Артикул, марка, произв.])*($D34=М[Хар-ка])*($K34=М[Прим.])),0))} -> 0
A35: 2 | B35: Клапан балансировочный | C35: Weser | D35: ручной MVT-R Ду-15 Ру-16бар | E35: шт | G35: 2 | H35: =SUM($G$35:$G$35) -> 2 | I35: {=INDEX(М[Цена за ед., руб],MATCH(1,IF(($B35=М[Наим.])*($C35=М[Артикул, марка, произв.])*($D35=М[Хар-ка])*($K35=М[Прим.]),{1},($B35=М[Наим.])*($C35=М[Артикул, марка, произв.])*($D35=М[Хар-ка])*($K35=М[Прим.])),0))} -> 0 | J35: =ROUND($H$35*$I$35,2) -> 0 | L35: {=INDEX(М[Форма закупа],MATCH(1,IF(($B35=М[Наим.])*($C35=М[Артикул, марка, произв.])*($D35=М[Хар-ка])*($K35=М[Прим.]),{1},($B35=М[Наим.])*($C35=М[Артикул, марка, произв.])*($D35=М[Хар-ка])*($K35=М[Прим.])),0))} -> 0
A36: 3 | B36: Клапан обратный | C36: Valtec | D36: муфтовый Ду-15 Ру-16бар | E36: шт | G36: 2 | H36: =SUM($G$36:$G$36) -> 2 | I36: {=INDEX(М[Цена за ед., руб],MATCH(1,IF(($B36=М[Наим.])*($C36=М[Артикул, марка, произв.])*($D36=М[Хар-ка])*($K36=М[Прим.]),{1},($B36=М[Наим.])*($C36=М[Артикул, марка, произв.])*($D36=М[Хар-ка])*($K36=М[Прим.])),0))} -> 0 | J36: =ROUND($H$36*$I$36,2) -> 0 | L36: {=INDEX(М[Форма закупа],MATCH(1,IF(($B36=М[Наим.])*($C36=М[Артикул, марка, произв.])*($D36=М[Хар-ка])*($K36=М[Прим.]),{1},($B36=М[Наим.])*($C36=М[Артикул, марка, произв.])*($D36=М[Хар-ка])*($K36=М[Прим.])),0))} -> 0
A37: 4 | B37: Клапан обратный | C37: Valtec | D37: муфтовый Ду-20 Ру-16бар | E37: шт | G37: 2 | H37: =SUM($G$37:$G$37) -> 2 | I37: {=INDEX(М[Цена за ед., руб],MATCH(1,IF(($B37=М[Наим.])*($C37=М[Артикул, марка, произв.])*($D37=М[Хар-ка])*($K37=М[Прим.]),{1},($B37=М[Наим.])*($C37=М[Артикул, марка, произв.])*($D37=М[Хар-ка])*($K37=М[Прим.])),0))} -> 0 | J37: =ROUND($H$37*$I$37,2) -> 0 | L37: {=INDEX(М[Форма закупа],MATCH(1,IF(($B37=М[Наим.])*($C37=М[Артикул, марка, произв.])*($D37=М[Хар-ка])*($K37=М[Прим.]),{1},($B37=М[Наим.])*($C37=М[Артикул, марка, произв.])*($D37=М[Хар-ка])*($K37=М[Прим.])),0))} -> 0
A38: 5 | B38: Клапан регулирующий | C38: Valtec | D38: понижения давления резьбовой Ду-20Ру-10 бар | E38: шт | G38: 1 | H38: =SUM($G$38:$G$38) -> 1 | I38: {=INDEX(М[Цена за ед., руб],MATCH(1,IF(($B38=М[Наим.])*($C38=М[Артикул, марка, произв.])*($D38=М[Хар-ка])*($K38=М[Прим.]),{1},($B38=М[Наим.])*($C38=М[Артикул, марка, произв.])*($D38=М[Хар-ка])*($K38=М[Прим.])),0))} -> 0 | J38: =ROUND($H$38*$I$38,2) -> 0 | L38: {=INDEX(М[Форма закупа],MATCH(1,IF(($B38=М[Наим.])*($C38=М[Артикул, марка, произв.])*($D38=М[Хар-ка])*($K38=М[Прим.]),{1},($B38=М[Наим.])*($C38=М[Артикул, марка, произв.])*($D38=М[Хар-ка])*($K38=М[Прим.])),0))} -> 0
B39: Работы: | J39: =SUM($J$40) -> 0
B40: Монтаж клапана (фланцевые, резьбовые) от 40 мм | E40: шт | G40: 7 | H40: =SUM($G$40:$G$40) -> 7 | I40: {=INDEX(Р[Цена за ед., руб],MATCH(1,IF(($B40=Р[Наименование])*($K40=Р[Примечание]),{1},($B40=Р[Наименование])*($K40=Р[Примечание])),0))} -> 0 | J40: =ROUND($H$40*$I$40,2) -> 0
B41: Материалы: | J41: =SUM($J$42:$J$44) -> 0
A42: 1 | B42: Клапан балансировочный | C42: Weser | D42: ручной MVT-R Ду-40 Ру-16бар | E42: шт | G42: 2 | H42: =SUM($G$42:$G$42) -> 2 | I42: {=INDEX(М[Цена за ед., руб],MATCH(1,IF(($B42=М[Наим.])*($C42=М[Артикул, марка, произв.])*($D42=М[Хар-ка])*($K42=М[Прим.]),{1},($B42=М[Наим.])*($C42=М[Артикул, марка, произв.])*($D42=М[Хар-ка])*($K42=М[Прим.])),0))} -> 0 | J42: =ROUND($H$42*$I$42,2) -> 0 | L42: {=INDEX(М[Форма закупа],MATCH(1,IF(($B42=М[Наим.])*($C42=М[Артикул, марка, произв.])*($D42=М[Хар-ка])*($K42=М[Прим.]),{1},($B42=М[Наим.])*($C42=М[Артикул, марка, произв.])*($D42=М[Хар-ка])*($K42=М[Прим.])),0))} -> 0
A43: 2 | B43: Клапан обратный | C43: REON | D43: Межфланцевый Ду-100 Ру-16бар | E43: шт | G43: 2 | H43: =SUM($G$43:$G$43) -> 2 | I43: {=INDEX(М[Цена за ед., руб],MATCH(1,IF(($B43=М[Наим.])*($C43=М[Артикул, марка, произв.])*($D43=М[Хар-ка])*($K43=М[Прим.]),{1},($B43=М[Наим.])*($C43=М[Артикул, марка, произв.])*($D43=М[Хар-ка])*($K43=М[Прим.])),0))} -> 0 | J43: =ROUND($H$43*$I$43,2) -> 0 | L43: {=INDEX(М[Форма закупа],MATCH(1,IF(($B43=М[Наим.])*($C43=М[Артикул, марка, произв.])*($D43=М[Хар-ка])*($K43=М[Прим.]),{1},($B43=М[Наим.])*($C43=М[Артикул, марка, произв.])*($D43=М[Хар-ка])*($K43=М[Прим.])),0))} -> 0
A44: 3 | B44: Клапан обратный | C44: REON | D44: Межфланцевый Ду-80 Ру-16бар | E44: шт | G44: 3 | H44: =SUM($G$44:$G$44) -> 3 | I44: {=INDEX(М[Цена за ед., руб],MATCH(1,IF(($B44=М[Наим.])*($C44=М[Артикул, марка, произв.])*($D44=М[Хар-ка])*($K44=М[Прим.]),{1},($B44=М[Наим.])*($C44=М[Артикул, марка, произв.])*($D44=М[Хар-ка])*($K44=М[Прим.])),0))} -> 0 | J44: =ROUND($H$44*$I$44,2) -> 0 | L44: {=INDEX(М[Форма закупа],MATCH(1,IF(($B44=М[Наим.])*($C44=М[Артикул, марка, произв.])*($D44=М[Хар-ка])*($K44=М[Прим.]),{1},($B44=М[Наим.])*($C44=М[Артикул, марка, произв.])*($D44=М[Хар-ка])*($K44=М[Прим.])),0))} -> 0
B45: Работы: | J45: =SUM($J$46) -> 0
B46: Монтаж кранов (фланцевые, резьбовые) до 32 мм | E46: шт | G46: 214 | H46: =SUM($G$46:$G$46) -> 214 | I46: {=INDEX(Р[Цена за ед., руб],MATCH(1,IF(($B46=Р[Наименование])*($K46=Р[Примечание]),{1},($B46=Р[Наименование])*($K46=Р[Примечание])),0))} -> 0 | J46: =ROUND($H$46*$I$46,2) -> 0
B47: Материалы: | J47: =SUM($J$48:$J$53) -> 0
A48: 1 | B48: Кран шаровой | C48: Valtec | D48: Ду-15 полнопроходный с НГ | E48: шт | G48: 42 | H48: =SUM($G$48:$G$48) -> 42 | I48: {=INDEX(М[Цена за ед., руб],MATCH(1,IF(($B48=М[Наим.])*($C48=М[Артикул, марка, произв.])*($D48=М[Хар-ка])*($K48=М[Прим.]),{1},($B48=М[Наим.])*($C48=М[Артикул, марка, произв.])*($D48=М[Хар-ка])*($K48=М[Прим.])),0))} -> 0 | J48: =ROUND($H$48*$I$48,2) -> 0 | L48: {=INDEX(М[Форма закупа],MATCH(1,IF(($B48=М[Наим.])*($C48=М[Артикул, марка, произв.])*($D48=М[Хар-ка])*($K48=М[Прим.]),{1},($B48=М[Наим.])*($C48=М[Артикул, марка, произв.])*($D48=М[Хар-ка])*($K48=М[Прим.])),0))} -> 0
A49: 2 | B49: Кран шаровой | C49: Valtec | D49: Ду-20 полнопроходный с НГ | E49: шт | G49: 20 | H49: =SUM($G$49:$G$49) -> 20 | I49: {=INDEX(М[Цена за ед., руб],MATCH(1,IF(($B49=М[Наим.])*($C49=М[Артикул, марка, произв.])*($D49=М[Хар-ка])*($K49=М[Прим.]),{1},($B49=М[Наим.])*($C49=М[Артикул, марка, произв.])*($D49=М[Хар-ка])*($K49=М[Прим.])),0))} -> 0 | J49: =ROUND($H$49*$I$49,2) -> 0 | L49: {=INDEX(М[Форма закупа],MATCH(1,IF(($B49=М[Наим.])*($C49=М[Артикул, марка, произв.])*($D49=М[Хар-ка])*($K49=М[Прим.]),{1},($B49=М[Наим.])*($C49=М[Артикул, марка, произв.])*($D49=М[Хар-ка])*($K49=М[Прим.])),0))} -> 0
A50: 3 | B50: Кран шаровой | C50: Valtec | D50: Ду-25 полнопроходный с НГ | E50: шт | G50: 4 | H50: =SUM($G$50:$G$50) -> 4 | I50: {=INDEX(М[Цена за ед., руб],MATCH(1,IF(($B50=М[Наим.])*($C50=М[Артикул, марка, произв.])*($D50=М[Хар-ка])*($K50=М[Прим.]),{1},($B50=М[Наим.])*($C50=М[Артикул, марка, произв.])*($D50=М[Хар-ка])*($K50=М[Прим.])),0))} -> 0 | J50: =ROUND($H$50*$I$50,2) -> 0 | L50: {=INDEX(М[Форма закупа],MATCH(1,IF(($B50=М[Наим.])*($C50=М[Артикул, марка, произв.])*($D50=М[Хар-ка])*($K50=М[Прим.]),{1},($B50=М[Наим.])*($C50=М[Артикул, марка, произв.])*($D50=М[Хар-ка])*($K50=М[Прим.])),0))} -> 0
A51: 4 | B51: Кран шаровой | C51: Valtec | D51: муфтовый со штуцером Ду-20 | E51: шт | G51: 4 | H51: =SUM($G$51:$G$51) -> 4 | I51: {=INDEX(М[Цена за ед., руб],MATCH(1,IF(($B51=М[Наим.])*($C51=М[Артикул, марка, произв.])*($D51=М[Хар-ка])*($K51=М[Прим.]),{1},($B51=М[Наим.])*($C51=М[Артикул, марка, произв.])*($D51=М[Хар-ка])*($K51=М[Прим.])),0))} -> 0 | J51: =ROUND($H$51*$I$51,2) -> 0 | L51: {=INDEX(М[Форма закупа],MATCH(1,IF(($B51=М[Наим.])*($C51=М[Артикул, марка, произв.])*($D51=М[Хар-ка])*($K51=М[Прим.]),{1},($B51=М[Наим.])*($C51=М[Артикул, марка, произв.])*($D51=М[Хар-ка])*($K51=М[Прим.])),0))} -> 0
A52: 5 | B52: Кран шаровой | C52: Valtec | D52: ВР-ВР Ду-15 полнопроходной | E52: шт | G52: 141 | H52: =SUM($G$52:$G$52) -> 141 | I52: {=INDEX(М[Цена за ед., руб],MATCH(1,IF(($B52=М[Наим.])*($C52=М[Артикул, марка, произв.])*($D52=М[Хар-ка])*($K52=М[Прим.]),{1},($B52=М[Наим.])*($C52=М[Артикул, марка, произв.])*($D52=М[Хар-ка])*($K52=М[Прим.])),0))} -> 0 | J52: =ROUND($H$52*$I$52,2) -> 0 | L52: {=INDEX(М[Форма закупа],MATCH(1,IF(($B52=М[Наим.])*($C52=М[Артикул, марка, произв.])*($D52=М[Хар-ка])*($K52=М[Прим.]),{1},($B52=М[Наим.])*($C52=М[Артикул, марка, произв.])*($D52=М[Хар-ка])*($K52=М[Прим.])),0))} -> 0
A53: 6 | B53: Кран трехходовой для манометра | D53: Ду-15 Ру-16 G1/2-М20х1,5 латунь | E53: шт | G53: 3 | H53: =SUM($G$53:$G$53) -> 3 | I53: {=INDEX(М[Цена за ед., руб],MATCH(1,IF(($B53=М[Наим.])*($C53=М[Артикул, марка, произв.])*($D53=М[Хар-ка])*($K53=М[Прим.]),{1},($B53=М[Наим.])*($C53=М[Артикул, марка, произв.])*($D53=М[Хар-ка])*($K53=М[Прим.])),0))} -> 0 | J53: =ROUND($H$53*$I$53,2) -> 0 | L53: {=INDEX(М[Форма закупа],MATCH(1,IF(($B53=М[Наим.])*($C53=М[Артикул, марка, произв.])*($D53=М[Хар-ка])*($K53=М[Прим.]),{1},($B53=М[Наим.])*($C53=М[Артикул, марка, произв.])*($D53=М[Хар-ка])*($K53=М[Прим.])),0))} -> 0
B54: Работы: | J54: =SUM($J$55) -> 0
B55: Монтаж кранов (фланцевые, резьбовые) от 40 мм | E55: шт | G55: 24 | H55: =SUM($G$55:$G$55) -> 24 | I55: {=INDEX(Р[Цена за ед., руб],MATCH(1,IF(($B55=Р[Наименование])*($K55=Р[Примечание]),{1},($B55=Р[Наименование])*($K55=Р[Примечание])),0))} -> 0 | J55: =ROUND($H$55*$I$55,2) -> 0
B56: Материалы: | J56: =SUM($J$57:$J$63) -> 0
A57: 1 | B57: Кран шаровой | C57: LD | D57: фланцевый Ду-200 | E57: шт | G57: 3 | H57: =SUM($G$57:$G$57) -> 3 | I57: {=INDEX(М[Цена за ед., руб],MATCH(1,IF(($B57=М[Наим.])*($C57=М[Артикул, марка, произв.])*($D57=М[Хар-ка])*($K57=М[Прим.]),{1},($B57=М[Наим.])*($C57=М[Артикул, марка, произв.])*($D57=М[Хар-ка])*($K57=М[Прим.])),0))} -> 0 | J57: =ROUND($H$57*$I$57,2) -> 0 | L57: {=INDEX(М[Форма закупа],MATCH(1,IF(($B57=М[Наим.])*($C57=М[Артикул, марка, произв.])*($D57=М[Хар-ка])*($K57=М[Прим.]),{1},($B57=М[Наим.])*($C57=М[Артикул, марка, произв.])*($D57=М[Хар-ка])*($K57=М[Прим.])),0))} -> 0
A58: 2 | B58: Кран шаровой | C58: Valtec | D58: c НГ Ду-40 полнопроходной | E58: шт | G58: 2 | H58: =SUM($G$58:$G$58) -> 2 | I58: {=INDEX(М[Цена за ед., руб],MATCH(1,IF(($B58=М[Наим.])*($C58=М[Артикул, марка, произв.])*($D58=М[Хар-ка])*($K58=М[Прим.]),{1},($B58=М[Наим.])*($C58=М[Артикул, марка, произв.])*($D58=М[Хар-ка])*($K58=М[Прим.])),0))} -> 0 | J58: =ROUND($H$58*$I$58,2) -> 0 | L58: {=INDEX(М[Форма закупа],MATCH(1,IF(($B58=М[Наим.])*($C58=М[Артикул, марка, произв.])*($D58=М[Хар-ка])*($K58=М[Прим.]),{1},($B58=М[Наим.])*($C58=М[Артикул, марка, произв.])*($D58=М[Хар-ка])*($K58=М[Прим.])),0))} -> 0
A59: 3 | B59: Кран шаровой | C59: Valtec | D59: c НГ Ду-50 полнопроходной | E59: шт | G59: 8 | H59: =SUM($G$59:$G$59) -> 8 | I59: {=INDEX(М[Цена за ед., руб],MATCH(1,IF(($B59=М[Наим.])*($C59=М[Артикул, марка, произв.])*($D59=М[Хар-ка])*($K59=М[Прим.]),{1},($B59=М[Наим.])*($C59=М[Артикул, марка, произв.])*($D59=М[Хар-ка])*($K59=М[Прим.])),0))} -> 0 | J59: =ROUND($H$59*$I$59,2) -> 0 | L59: {=INDEX(М[Форма закупа],MATCH(1,IF(($B59=М[Наим.])*($C59=М[Артикул, марка, произв.])*($D59=М[Хар-ка])*($K59=М[Прим.]),{1},($B59=М[Наим.])*($C59=М[Артикул, марка, произв.])*($D59=М[Хар-ка])*($K59=М[Прим.])),0))} -> 0
A60: 4 | B60: Кран шаровой | C60: LD | D60: фланцевый Ду-100 PN1,6 с электроприводом | E60: шт | G60: 1 | H60: =SUM($G$60:$G$60) -> 1 | I60: {=INDEX(М[Цена за ед., руб],MATCH(1,IF(($B60=М[Наим.])*($C60=М[Артикул, марка, произв.])*($D60=М[Хар-ка])*($K60=М[Прим.]),{1},($B60=М[Наим.])*($C60=М[Артикул, марка, произв.])*($D60=М[Хар-ка])*($K60=М[Прим.])),0))} -> 0 | J60: =ROUND($H$60*$I$60,2) -> 0 | L60: {=INDEX(М[Форма закупа],MATCH(1,IF(($B60=М[Наим.])*($C60=М[Артикул, марка, произв.])*($D60=М[Хар-ка])*($K60=М[Прим.]),{1},($B60=М[Наим.])*($C60=М[Артикул, марка, произв.])*($D60=М[Хар-ка])*($K60=М[Прим.])),0))} -> 0
A61: 5 | B61: Кран шаровой | C61: LD | D61: межфланцевый СТРИЖ Ду-80 PN1,6 | E61: шт | G61: 2 | H61: =SUM($G$61:$G$61) -> 2 | I61: {=INDEX(М[Цена за ед., руб],MATCH(1,IF(($B61=М[Наим.])*($C61=М[Артикул, марка, произв.])*($D61=М[Хар-ка])*($K61=М[Прим.]),{1},($B61=М[Наим.])*($C61=М[Артикул, марка, произв.])*($D61=М[Хар-ка])*($K61=М[Прим.])),0))} -> 0 | J61: =ROUND($H$61*$I$61,2) -> 0 | L61: {=INDEX(М[Форма закупа],MATCH(1,IF(($B61=М[Наим.])*($C61=М[Артикул, марка, произв.])*($D61=М[Хар-ка])*($K61=М[Прим.]),{1},($B61=М[Наим.])*($C61=М[Артикул, марка, произв.])*($D61=М[Хар-ка])*($K61=М[Прим.])),0))} -> 0
A62: 6 | B62: Кран шаровой | C62: LD | D62: фланцевый Ду-80 | E62: шт | G62: 6 | H62: =SUM($G$62:$G$62) -> 6 | I62: {=INDEX(М[Цена за ед., руб],MATCH(1,IF(($B62=М[Наим.])*($C62=М[Артикул, марка, произв.])*($D62=М[Хар-ка])*($K62=М[Прим.]),{1},($B62=М[Наим.])*($C62=М[Артикул, марка, произв.])*($D62=М[Хар-ка])*($K62=М[Прим.])),0))} -> 0 | J62: =ROUND($H$62*$I$62,2) -> 0 | L62: {=INDEX(М[Форма закупа],MATCH(1,IF(($B62=М[Наим.])*($C62=М[Артикул, марка, произв.])*($D62=М[Хар-ка])*($K62=М[Прим.]),{1},($B62=М[Наим.])*($C62=М[Артикул, марка, произв.])*($D62=М[Хар-ка])*($K62=М[Прим.])),0))} -> 0
A63: 7 | B63: Кран шаровой | C63: LD | D63: фланцевый Ду-100 | E63: шт | G63: 2 | H63: =SUM($G$63:$G$63) -> 2 | I63: {=INDEX(М[Цена за ед., руб],MATCH(1,IF(($B63=М[Наим.])*($C63=М[Артикул, марка, произв.])*($D63=М[Хар-ка])*($K63=М[Прим.]),{1},($B63=М[Наим.])*($C63=М[Артикул, марка, произв.])*($D63=М[Хар-ка])*($K63=М[Прим.])),0))} -> 0 | J63: =ROUND($H$63*$I$63,2) -> 0 | L63: {=INDEX(М[Форма закупа],MATCH(1,IF(($B63=М[Наим.])*($C63=М[Артикул, марка, произв.])*($D63=М[Хар-ка])*($K63=М[Прим.]),{1},($B63=М[Наим.])*($C63=М[Артикул, марка, произв.])*($D63=М[Хар-ка])*($K63=М[Прим.])),0))} -> 0
B64: Работы: | J64: =SUM($J$65) -> 0
B65: Монтаж насосной установки повышения давления | E65: шт | G65: 1 | H65: =SUM($G$65:$G$65) -> 1 | I65: {=INDEX(Р[Цена за ед., руб],MATCH(1,IF(($B65=Р[Наименование])*($K65=Р[Примечание]),{1},($B65=Р[Наименование])*($K65=Р[Примечание])),0))} -> 0 | J65: =ROUND($H$65*$I$65,2) -> 0
B66: Материалы: | J66: =SUM($J$67) -> 0
A67: 1 | B67: Насосная установка повышения давления | C67: WILO либо аналог | D67: 16бар Q=21.83 м3/час Н=73,93 м | E67: шт | F67: 1 | G67: 1 | H67: =SUM($G$67:$G$67) -> 1 | I67: {=INDEX(М[Цена за ед., руб],MATCH(1,IF(($B67=М[Наим.])*($C67=М[Артикул, марка, произв.])*($D67=М[Хар-ка])*($K67=М[Прим.]),{1},($B67=М[Наим.])*($C67=М[Артикул, марка, произв.])*($D67=М[Хар-ка])*($K67=М[Прим.])),0))} -> 0 | J67: =ROUND($H$67*$I$67,2) -> 0 | K67: COR-3 MVL 810/SKw-EB-R (или аналог) в комплекте с фиброкомпенсаторами фланцевыми | L67: {=INDEX(М[Форма закупа],MATCH(1,IF(($B67=М[Наим.])*($C67=М[Артикул, марка, произв.])*($D67=М[Хар-ка])*($K67=М[Прим.]),{1},($B67=М[Наим.])*($C67=М[Артикул, марка, произв.])*($D67=М[Хар-ка])*($K67=М[Прим.])),0))} -> 0
B68: Работы: | J68: =SUM($J$69) -> 0
B69: Монтаж НСПС | E69: шт | G69: 2 | H69: =SUM($G$69:$G$69) -> 2 | I69: {=INDEX(Р[Цена за ед., руб],MATCH(1,IF(($B69=Р[Наименование])*($K69=Р[Примечание]),{1},($B69=Р[Наименование])*($K69=Р[Примечание])),0))} -> 0 | J69: =ROUND($H$69*$I$69,2) -> 0
B70: Материалы: | J70: =SUM($J$71) -> 0
A71: 1 | B71: Переход | D71: сварной Д225/219 мм ПЭ/Сталь | E71: шт | G71: 2 | H71: =SUM($G$71:$G$71) -> 2 | I71: {=INDEX(М[Цена за ед., руб],MATCH(1,IF(($B71=М[Наим.])*($C71=М[Артикул, марка, произв.])*($D71=М[Хар-ка])*($K71=М[Прим.]),{1},($B71=М[Наим.])*($C71=М[Артикул, марка, произв.])*($D71=М[Хар-ка])*($K71=М[Прим.])),0))} -> 0 | J71: =ROUND($H$71*$I$71,2) -> 0 | L71: {=INDEX(М[Форма закупа],MATCH(1,IF(($B71=М[Наим.])*($C71=М[Артикул, марка, произв.])*($D71=М[Хар-ка])*($K71=М[Прим.]),{1},($B71=М[Наим.])*($C71=М[Артикул, марка, произв.])*($D71=М[Хар-ка])*($K71=М[Прим.])),0))} -> 0
B72: Работы: | J72: =SUM($J$73) -> 0
B73: Монтаж счетчика | E73: шт | G73: 1 | H73: =SUM($G$73:$G$73) -> 1 | I73: {=INDEX(Р[Цена за ед., руб],MATCH(1,IF(($B73=Р[Наименование])*($K73=Р[Примечание]),{1},($B73=Р[Наименование])*($K73=Р[Примечание])),0))} -> 0 | J73: =ROUND($H$73*$I$73,2) -> 0
B74: Материалы: | J74: =SUM($J$75) -> 0
A75: 1 | B75: Счетчик воды | C75: Пульсар | D75: с импульсным выходом Ду-65 Qn- L- | E75: шт | G75: 1 | H75: =SUM($G$75:$G$75) -> 1 | I75: {=INDEX(М[Цена за ед., руб],MATCH(1,IF(($B75=М[Наим.])*($C75=М[Артикул, марка, произв.])*($D75=М[Хар-ка])*($K75=М[Прим.]),{1},($B75=М[Наим.])*($C75=М[Артикул, марка, произв.])*($D75=М[Хар-ка])*($K75=М[Прим.])),0))} -> 0 | J75: =ROUND($H$75*$I$75,2) -> 0 | K75: Счетчик с импульсным выходом и системой передачи показаний по RS-485 Ду 65 Qn=63 м3/ч , Qmin=0,75 м3/ч , IP68 | L75: {=INDEX(М[Форма закупа],MATCH(1,IF(($B75=М[Наим.])*($C75=М[Артикул, марка, произв.])*($D75=М[Хар-ка])*($K75=М[Прим.]),{1},($B75=М[Наим.])*($C75=М[Артикул, марка, произв.])*($D75=М[Хар-ка])*($K75=М[Прим.])),0))} -> 0
B76: Работы: | J76: =SUM($J$77) -> 0
B77: Монтаж фильтра | E77: шт | G77: 1 | H77: =SUM($G$77:$G$77) -> 1 | I77: {=INDEX(Р[Цена за ед., руб],MATCH(1,IF(($B77=Р[Наименование])*($K77=Р[Примечание]),{1},($B77=Р[Наименование])*($K77=Р[Примечание])),0))} -> 0 | J77: =ROUND($H$77*$I$77,2) -> 0
B78: Материалы: | J78: =SUM($J$79) -> 0
A79: 1 | B79: Фильтр сетчатый | C79: REON | D79: фланцевый Ду-100 | E79: шт | G79: 1 | H79: =SUM($G$79:$G$79) -> 1 | I79: {=INDEX(М[Цена за ед., руб],MATCH(1,IF(($B79=М[Наим.])*($C79=М[Артикул, марка, произв.])*($D79=М[Хар-ка])*($K79=М[Прим.]),{1},($B79=М[Наим.])*($C79=М[Артикул, марка, произв.])*($D79=М[Хар-ка])*($K79=М[Прим.])),0))} -> 0 | J79: =ROUND($H$79*$I$79,2) -> 0 | L79: {=INDEX(М[Форма закупа],MATCH(1,IF(($B79=М[Наим.])*($C79=М[Артикул, марка, произв.])*($D79=М[Хар-ка])*($K79=М[Прим.]),{1},($B79=М[Наим.])*($C79=М[Артикул, марка, произв.])*($D79=М[Хар-ка])*($K79=М[Прим.])),0))} -> 0
B80: Работы: | J80: =SUM($J$81) -> 0
B81: Прокладка трубы ППН | E81: пог. м | G81: 1178 | H81: =SUM($G$81:$G$81) -> 1178 | I81: {=INDEX(Р[Цена за ед., руб],MATCH(1,IF(($B81=Р[Наименование])*($K81=Р[Примечание]),{1},($B81=Р[Наименование])*($K81=Р[Примечание])),0))} -> 0 | J81: =ROUND($H$81*$I$81,2) -> 0
B82: Материалы: | J82: =SUM($J$83:$J$89) -> 0
A83: 1 | B83: Труба полипропиленовая | D83: PPH PN20 DN90х15 арм.стекловолокно | E83: пог. м | G83: 130 | H83: =SUM($G$83:$G$83) -> 130 | I83: {=INDEX(М[Цена за ед., руб],MATCH(1,IF(($B83=М[Наим.])*($C83=М[Артикул, марка, произв.])*($D83=М[Хар-ка])*($K83=М[Прим.]),{1},($B83=М[Наим.])*($C83=М[Артикул, марка, произв.])*($D83=М[Хар-ка])*($K83=М[Прим.])),0))} -> 0 | J83: =ROUND($H$83*$I$83,2) -> 0 | L83: {=INDEX(М[Форма закупа],MATCH(1,IF(($B83=М[Наим.])*($C83=М[Артикул, марка, произв.])*($D83=М[Хар-ка])*($K83=М[Прим.]),{1},($B83=М[Наим.])*($C83=М[Артикул, марка, произв.])*($D83=М[Хар-ка])*($K83=М[Прим.])),0))} -> 0
A84: 2 | B84: Труба полипропиленовая | D84: PPH PN20 DN25х5,4 арм.стекловолокно | E84: пог. м | G84: 716 | H84: =SUM($G$84:$G$84) -> 716 | I84: {=INDEX(М[Цена за ед., руб],MATCH(1,IF(($B84=М[Наим.])*($C84=М[Артикул, марка, произв.])*($D84=М[Хар-ка])*($K84=М[Прим.]),{1},($B84=М[Наим.])*($C84=М[Артикул, марка, произв.])*($D84=М[Хар-ка])*($K84=М[Прим.])),0))} -> 0 | J84: =ROUND($H$84*$I$84,2) -> 0 | L84: {=INDEX(М[Форма закупа],MATCH(1,IF(($B84=М[Наим.])*($C84=М[Артикул, марка, произв.])*($D84=М[Хар-ка])*($K84=М[Прим.]),{1},($B84=М[Наим.])*($C84=М[Артикул, марка, произв.])*($D84=М[Хар-ка])*($K84=М[Прим.])),0))} -> 0
A85: 3 | B85: Труба полипропиленовая | D85: PPH PN20 DN32х5,4 арм.стекловолокно | E85: пог. м | G85: 62 | H85: =SUM($G$85:$G$85) -> 62 | I85: {=INDEX(М[Цена за ед., руб],MATCH(1,IF(($B85=М[Наим.])*($C85=М[Артикул, марка, произв.])*($D85=М[Хар-ка])*($K85=М[Прим.]),{1},($B85=М[Наим.])*($C85=М[Артикул, марка, произв.])*($D85=М[Хар-ка])*($K85=М[Прим.])),0))} -> 0 | J85: =ROUND($H$85*$I$85,2) -> 0 | L85: {=INDEX(М[Форма закупа],MATCH(1,IF(($B85=М[Наим.])*($C85=М[Артикул, марка, произв.])*($D85=М[Хар-ка])*($K85=М[Прим.]),{1},($B85=М[Наим.])*($C85=М[Артикул, марка, произв.])*($D85=М[Хар-ка])*($K85=М[Прим.])),0))} -> 0
A86: 4 | B86: Труба полипропиленовая | D86: PPH PN20 DN40х6,7 арм.стекловолокно | E86: пог. м | G86: 12 | H86: =SUM($G$86:$G$86) -> 12 | I86: {=INDEX(М[Цена за ед., руб],MATCH(1,IF(($B86=М[Наим.])*($C86=М[Артикул, марка, произв.])*($D86=М[Хар-ка])*($K86=М[Прим.]),{1},($B86=М[Наим.])*($C86=М[Артикул, марка, произв.])*($D86=М[Хар-ка])*($K86=М[Прим.])),0))} -> 0 | J86: =ROUND($H$86*$I$86,2) -> 0 | L86: {=INDEX(М[Форма закупа],MATCH(1,IF(($B86=М[Наим.])*($C86=М[Артикул, марка, произв.])*($D86=М[Хар-ка])*($K86=М[Прим.]),{1},($B86=М[Наим.])*($C86=М[Артикул, марка, произв.])*($D86=М[Хар-ка])*($K86=М[Прим.])),0))} -> 0
A87: 5 | B87: Труба полипропиленовая | D87: PPH PN20 DN50х8,4 арм.стекловолокно | E87: пог. м | G87: 70 | H87: =SUM($G$87:$G$87) -> 70 | I87: {=INDEX(М[Цена за ед., руб],MATCH(1,IF(($B87=М[Наим.])*($C87=М[Артикул, марка, произв.])*($D87=М[Хар-ка])*($K87=М[Прим.]),{1},($B87=М[Наим.])*($C87=М[Артикул, марка, произв.])*($D87=М[Хар-ка])*($K87=М[Прим.])),0))} -> 0 | J87: =ROUND($H$87*$I$87,2) -> 0 | L87: {=INDEX(М[Форма закупа],MATCH(1,IF(($B87=М[Наим.])*($C87=М[Артикул, марка, произв.])*($D87=М[Хар-ка])*($K87=М[Прим.]),{1},($B87=М[Наим.])*($C87=М[Артикул, марка, произв.])*($D87=М[Хар-ка])*($K87=М[Прим.])),0))} -> 0
A88: 6 | B88: Труба полипропиленовая | D88: PPH PN20 DN63х10,5 арм.стекловолокно | E88: пог. м | G88: 104 | H88: =SUM($G$88:$G$88) -> 104 | I88: {=INDEX(М[Цена за ед., руб],MATCH(1,IF(($B88=М[Наим.])*($C88=М[Артикул, марка, произв.])*($D88=М[Хар-ка])*($K88=М[Прим.]),{1},($B88=М[Наим.])*($C88=М[Артикул, марка, произв.])*($D88=М[Хар-ка])*($K88=М[Прим.])),0))} -> 0 | J88: =ROUND($H$88*$I$88,2) -> 0 | L88: {=INDEX(М[Форма закупа],MATCH(1,IF(($B88=М[Наим.])*($C88=М[Артикул, марка, произв.])*($D88=М[Хар-ка])*($K88=М[Прим.]),{1},($B88=М[Наим.])*($C88=М[Артикул, марка, произв.])*($D88=М[Хар-ка])*($K88=М[Прим.])),0))} -> 0
A89: 7 | B89: Труба полипропиленовая | D89: PPH PN20 DN75х12,5 арм.стекловолокно | E89: пог. м | G89: 84 | H89: =SUM($G$89:$G$89) -> 84 | I89: {=INDEX(М[Цена за ед., руб],MATCH(1,IF(($B89=М[Наим.])*($C89=М[Артикул, марка, произв.])*($D89=М[Хар-ка])*($K89=М[Прим.]),{1},($B89=М[Наим.])*($C89=М[Артикул, марка, произв.])*($D89=М[Хар-ка])*($K89=М[Прим.])),0))} -> 0 | J89: =ROUND($H$89*$I$89,2) -> 0 | L89: {=INDEX(М[Форма закупа],MATCH(1,IF(($B89=М[Наим.])*($C89=М[Артикул, марка, произв.])*($D89=М[Хар-ка])*($K89=М[Прим.]),{1},($B89=М[Наим.])*($C89=М[Артикул, марка, произв.])*($D89=М[Хар-ка])*($K89=М[Прим.])),0))} -> 0
B90: Работы: | J90: =SUM($J$91) -> 0
B91: Прокладка трубы ПЭ | E91: м | G91: 4 | H91: =SUM($G$91:$G$91) -> 4 | I91: {=INDEX(Р[Цена за ед., руб],MATCH(1,IF(($B91=Р[Наименование])*($K91=Р[Примечание]),{1},($B91=Р[Наименование])*($K91=Р[Примечание])),0))} -> 0 | J91: =ROUND($H$91*$I$91,2) -> 0
B92: Материалы: | J92: =SUM($J$93) -> 0
A93: 1 | B93: Труба полиэтиленовая (пог.м.) | D93: ПЭ-100 SDR13,6 DN225х16,6 | E93: пог. м | G93: 4 | H93: =SUM($G$93:$G$93) -> 4 | I93: {=INDEX(М[Цена за ед., руб],MATCH(1,IF(($B93=М[Наим.])*($C93=М[Артикул, марка, произв.])*($D93=М[Хар-ка])*($K93=М[Прим.]),{1},($B93=М[Наим.])*($C93=М[Артикул, марка, произв.])*($D93=М[Хар-ка])*($K93=М[Прим.])),0))} -> 0 | J93: =ROUND($H$93*$I$93,2) -> 0 | L93: {=INDEX(М[Форма закупа],MATCH(1,IF(($B93=М[Наим.])*($C93=М[Артикул, марка, произв.])*($D93=М[Хар-ка])*($K93=М[Прим.]),{1},($B93=М[Наим.])*($C93=М[Артикул, марка, произв.])*($D93=М[Хар-ка])*($K93=М[Прим.])),0))} -> 0
B94: Работы: | J94: =SUM($J$95) -> 0
B95: Прокладка трубы стальной до 40 мм | E95: пог. м | G95: 204.5 | H95: =SUM($G$95:$G$95) -> 204.5 | I95: {=INDEX(Р[Цена за ед., руб],MATCH(1,IF(($B95=Р[Наименование])*($K95=Р[Примечание]),{1},($B95=Р[Наименование])*($K95=Р[Примечание])),0))} -> 0 | J95: =ROUND($H$95*$I$95,2) -> 0
B96: Материалы: | J96: =SUM($J$97:$J$99) -> 0
A97: 1 | B97: Труба стальная | D97: 12Х18Н10Т сварка D-26x2.5 | E97: м | G97: 162 | H97: =SUM($G$97:$G$97) -> 162 | I97: {=INDEX(М[Цена за ед., руб],MATCH(1,IF(($B97=М[Наим.])*($C97=М[Артикул, марка, произв.])*($D97=М[Хар-ка])*($K97=М[Прим.]),{1},($B97=М[Наим.])*($C97=М[Артикул, марка, произв.])*($D97=М[Хар-ка])*($K97=М[Прим.])),0))} -> 0 | J97: =ROUND($H$97*$I$97,2) -> 0 | L97: {=INDEX(М[Форма закупа],MATCH(1,IF(($B97=М[Наим.])*($C97=М[Артикул, марка, произв.])*($D97=М[Хар-ка])*($K97=М[Прим.]),{1},($B97=М[Наим.])*($C97=М[Артикул, марка, произв.])*($D97=М[Хар-ка])*($K97=М[Прим.])),0))} -> 0
A98: 2 | B98: Труба стальная | D98: 12Х18Н10Т сварка D-48x3.5 | E98: м | G98: 42 | H98: =SUM($G$98:$G$98) -> 42 | I98: {=INDEX(М[Цена за ед., руб],MATCH(1,IF(($B98=М[Наим.])*($C98=М[Артикул, марка, произв.])*($D98=М[Хар-ка])*($K98=М[Прим.]),{1},($B98=М[Наим.])*($C98=М[Артикул, марка, произв.])*($D98=М[Хар-ка])*($K98=М[Прим.])),0))} -> 0 | J98: =ROUND($H$98*$I$98,2) -> 0 | L98: {=INDEX(М[Форма закупа],MATCH(1,IF(($B98=М[Наим.])*($C98=М[Артикул, марка, произв.])*($D98=М[Хар-ка])*($K98=М[Прим.]),{1},($B98=М[Наим.])*($C98=М[Артикул, марка, произв.])*($D98=М[Хар-ка])*($K98=М[Прим.])),0))} -> 0
A99: 3 | B99: Труба стальная | D99: 12Х18Н10Т сварка D-22x3 | E99: м | G99: 0.5 | H99: =SUM($G$99:$G$99) -> 0.5 | I99: {=INDEX(М[Цена за ед., руб],MATCH(1,IF(($B99=М[Наим.])*($C99=М[Артикул, марка, произв.])*($D99=М[Хар-ка])*($K99=М[Прим.]),{1},($B99=М[Наим.])*($C99=М[Артикул, марка, произв.])*($D99=М[Хар-ка])*($K99=М[Прим.])),0))} -> 0 | J99: =ROUND($H$99*$I$99,2) -> 0 | L99: {=INDEX(М[Форма закупа],MATCH(1,IF(($B99=М[Наим.])*($C99=М[Артикул, марка, произв.])*($D99=М[Хар-ка])*($K99=М[Прим.]),{1},($B99=М[Наим.])*($C99=М[Артикул, марка, произв.])*($D99=М[Хар-ка])*($K99=М[Прим.])),0))} -> 0
B100: Работы: | J100: =SUM($J$101) -> 0
B101: Прокладка трубы стальной от 57 мм | E101: м | G101: 187 | H101: =SUM($G$101:$G$101) -> 187 | I101: {=INDEX(Р[Цена за ед., руб],MATCH(1,IF(($B101=Р[Наименование])*($K101=Р[Примечание]),{1},($B101=Р[Наименование])*($K101=Р[Примечание])),0))} -> 0 | J101: =ROUND($H$101*$I$101,2) -> 0
B102: Материалы: | J102: =SUM($J$103:$J$110) -> 0
A103: 1 | B103: Труба стальная | D103: 12Х18Н10Т сварка D-108x4.0 | E103: м | G103: 12 | H103: =SUM($G$103:$G$103) -> 12 | I103: {=INDEX(М[Цена за ед., руб],MATCH(1,IF(($B103=М[Наим.])*($C103=М[Артикул, марка, произв.])*($D103=М[Хар-ка])*($K103=М[Прим.]),{1},($B103=М[Наим.])*($C103=М[Артикул, марка, произв.])*($D103=М[Хар-ка])*($K103=М[Прим.])),0))} -> 0 | J103: =ROUND($H$103*$I$103,2) -> 0 | L103: {=INDEX(М[Форма закупа],MATCH(1,IF(($B103=М[Наим.])*($C103=М[Артикул, марка, произв.])*($D103=М[Хар-ка])*($K103=М[Прим.]),{1},($B103=М[Наим.])*($C103=М[Артикул, марка, произв.])*($D103=М[Хар-ка])*($K103=М[Прим.])),0))} -> 0
...

Sheet Работы
A1: Сводная ведомость объемов работ
A3: Наименование | B3: Ед. изм. | C3: Количество | D3: Цена за ед., руб | E3: Сумма, руб | F3: Примечание
A4: Бурение отверстий до 100мм | B4: шт | C4: 30 | E4: =ROUND(Р[[#This Row],[Количество]]*Р[[#This Row],[Цена за ед., руб]],2) -> 0
A5: Изоляция трубопровода | B5: м | C5: 1263 | E5: =ROUND(Р[[#This Row],[Количество]]*Р[[#This Row],[Цена за ед., руб]],2) -> 0
A6: Монтаж затвора | B6: шт | C6: 2 | E6: =ROUND(Р[[#This Row],[Количество]]*Р[[#This Row],[Цена за ед., руб]],2) -> 0
A7: Монтаж клапана (фланцевые, резьбовые) до 32 мм | B7: шт | C7: 11 | E7: =ROUND(Р[[#This Row],[Количество]]*Р[[#This Row],[Цена за ед., руб]],2) -> 0
A8: Монтаж клапана (фланцевые, резьбовые) от 40 мм | B8: шт | C8: 7 | E8: =ROUND(Р[[#This Row],[Количество]]*Р[[#This Row],[Цена за ед., руб]],2) -> 0
A9: Монтаж кранов (фланцевые, резьбовые) до 32 мм | B9: шт | C9: 214 | E9: =ROUND(Р[[#This Row],[Количество]]*Р[[#This Row],[Цена за ед., руб]],2) -> 0
A10: Монтаж кранов (фланцевые, резьбовые) от 40 мм | B10: шт | C10: 24 | E10: =ROUND(Р[[#This Row],[Количество]]*Р[[#This Row],[Цена за ед., руб]],2) -> 0
A11: Монтаж насосной установки повышения давления | B11: шт | C11: 1 | E11: =ROUND(Р[[#This Row],[Количество]]*Р[[#This Row],[Цена за ед., руб]],2) -> 0
A12: Монтаж НСПС | B12: шт | C12: 2 | E12: =ROUND(Р[[#This Row],[Количество]]*Р[[#This Row],[Цена за ед., руб]],2) -> 0
A13: Монтаж счетчика | B13: шт | C13: 1 | E13: =ROUND(Р[[#This Row],[Количество]]*Р[[#This Row],[Цена за ед., руб]],2) -> 0
A14: Монтаж фильтра | B14: шт | C14: 1 | E14: =ROUND(Р[[#This Row],[Количество]]*Р[[#This Row],[Цена за ед., руб]],2) -> 0
A15: Прокладка трубы ППН | B15: пог. м | C15: 1178 | E15: =ROUND(Р[[#This Row],[Количество]]*Р[[#This Row],[Цена за ед., руб]],2) -> 0
... A19: Пусконаладочные работы системы водоснабжения: регулировка системы, манометрические испытания | B19: компл. | C19: 1 | E19: =ROUND(Р[[#This Row],[Количество]]*Р[[#This Row],[Цена за ед., руб]],2) -> 0
A20: Итог | E20: =SUBTOTAL(109,Р[Сумма, руб]) -> 0
D22: Проверка: | E22: =ЛСР!J121-Р[[#Totals],[Сумма, руб]] -> 0

Sheet Материалы
A1: Сводная ведомость объемов материала
A3: Наим. | B3: Артикул, марка, произв. | C3: Хар-ка | D3: Ед. изм. | E3: Количество | F3: Цена за ед., руб | G3: Сумма, руб | H3: Прим. | I3: Форма закупа
A4: Труба стальная | C4: 12Х18Н10Т сварка D-26x2.5 | D4: м | E4: 162 | G4: =ROUND(М[[#This Row],[Количество]]*М[[#This Row],[Цена за ед., руб]],2) -> 0
A5: Труба стальная | C5: 12Х18Н10Т сварка D-108x4.0 | D5: м | E5: 12 | G5: =ROUND(М[[#This Row],[Количество]]*М[[#This Row],[Цена за ед., руб]],2) -> 0
A6: Труба стальная | C6: 12Х18Н10Т сварка D-219x9.5 | D6: м | E6: 12 | G6: =ROUND(М[[#This Row],[Количество]]*М[[#This Row],[Цена за ед., руб]],2) -> 0
A7: Труба стальная | C7: 12Х18Н10Т сварка D-48x3.5 | D7: м | E7: 42 | G7: =ROUND(М[[#This Row],[Количество]]*М[[#This Row],[Цена за ед., руб]],2) -> 0
A8: Труба стальная | C8: 12Х18Н10Т сварка D-57x3.5 | D8: м | E8: 20 | G8: =ROUND(М[[#This Row],[Количество]]*М[[#This Row],[Цена за ед., руб]],2) -> 0
A9: Труба стальная | C9: 12Х18Н10Т сварка D-89x4.5 | D9: м | E9: 30 | G9: =ROUND(М[[#This Row],[Количество]]*М[[#This Row],[Цена за ед., руб]],2) -> 0
A10: Труба стальная | C10: 12Х18Н10Т сварка D-22x3 | D10: м | E10: 0.5 | G10: =ROUND(М[[#This Row],[Количество]]*М[[#This Row],[Цена за ед., руб]],2) -> 0
A11: Труба стальная | C11: 12Х18Н10Т сварка D-76x3.5 | D11: м | E11: 101 | G11: =ROUND(М[[#This Row],[Количество]]*М[[#This Row],[Цена за ед., руб]],2) -> 0
A12: Переход | C12: сварной Д225/219 мм ПЭ/Сталь | D12: шт | E12: 2 | G12: =ROUND(М[[#This Row],[Количество]]*М[[#This Row],[Цена за ед., руб]],2) -> 0
A13: Счетчик воды | B13: Пульсар | C13: с импульсным выходом Ду-65 Qn- L- | D13: шт | E13: 1 | G13: =ROUND(М[[#This Row],[Количество]]*М[[#This Row],[Цена за ед., руб]],2) -> 0 | H13: Счетчик с импульсным выходом и системой передачи показаний по RS-485 Ду 65 Qn=63 м3/ч , Qmin=0,75 м3/ч , IP68
A14: Затвор поворотный дисковый | B14: REON | C14: межфланцевый Ду-80 Py-16bar ручной с контролем положения | D14: шт | E14: 2 | G14: =ROUND(М[[#This Row],[Количество]]*М[[#This Row],[Цена за ед., руб]],2) -> 0
A15: Труба полипропиленовая | C15: PPH PN20 DN90х15 арм.стекловолокно | D15: пог. м | E15: 130 | G15: =ROUND(М[[#This Row],[Количество]]*М[[#This Row],[Цена за ед., руб]],2) -> 0
A16: Труба полипропиленовая | C16: PPH PN20 DN25х5,4 арм.стекловолокно | D16: пог. м | E16: 716 | G16: =ROUND(М[[#This Row],[Количество]]*М[[#This Row],[Цена за ед., руб]],2) -> 0
A17: Труба полипропиленовая | C17: PPH PN20 DN32х5,4 арм.стекловолокно | D17: пог. м | E17: 62 | G17: =ROUND(М[[#This Row],[Количество]]*М[[#This Row],[Цена за ед., руб]],2) -> 0
A18: Труба полипропиленовая | C18: PPH PN20 DN40х6,7 арм.стекловолокно | D18: пог. м | E18: 12 | G18: =ROUND(М[[#This Row],[Количество]]*М[[#This Row],[Цена за ед., руб]],2) -> 0
A19: Труба полипропиленовая | C19: PPH PN20 DN50х8,4 арм.стекловолокно | D19: пог. м | E19: 70 | G19: =ROUND(М[[#This Row],[Количество]]*М[[#This Row],[Цена за ед., руб]],2) -> 0
A20: Труба полипропиленовая | C20: PPH PN20 DN63х10,5 арм.стекловолокно | D20: пог. м | E20: 104 | G20: =ROUND(М[[#This Row],[Количество]]*М[[#This Row],[Цена за ед., руб]],2) -> 0
A21: Труба полипропиленовая | C21: PPH PN20 DN75х12,5 арм.стекловолокно | D21: пог. м | E21: 84 | G21: =ROUND(М[[#This Row],[Количество]]*М[[#This Row],[Цена за ед., руб]],2) -> 0
A22: Труба электросварная (пог.м.) | C22: стальная D-89х4,0 | D22: пог. м | E22: 4 | G22: =ROUND(М[[#This Row],[Количество]]*М[[#This Row],[Цена за ед., руб]],2) -> 0
A23: Труба электросварная (пог.м.) | C23: стальная D-108х4,0 | D23: пог. м | E23: 4 | G23: =ROUND(М[[#This Row],[Количество]]*М[[#This Row],[Цена за ед., руб]],2) -> 0
A24: Труба электросварная (пог.м.) | C24: стальная D-133х5,0 | D24: пог. м | E24: 4 | G24: =ROUND(М[[#This Row],[Количество]]*М[[#This Row],[Цена за ед., руб]],2) -> 0
A25: Кран шаровой | B25: LD | C25: фланцевый Ду-200 | D25: шт | E25: 3 | G25: =ROUND(М[[#This Row],[Количество]]*М[[#This Row],[Цена за ед., руб]],2) -> 0
A26: Кран шаровой | B26: Valtec | C26: Ду-15 полнопроходный с НГ | D26: шт | E26: 42 | G26: =ROUND(М[[#This Row],[Количество]]*М[[#This Row],[Цена за ед., руб]],2) -> 0
A27: Кран шаровой | B27: Valtec | C27: Ду-20 полнопроходный с НГ | D27: шт | E27: 20 | G27: =ROUND(М[[#This Row],[Количество]]*М[[#This Row],[Цена за ед., руб]],2) -> 0
A28: Кран шаровой | B28: Valtec | C28: Ду-25 полнопроходный с НГ | D28: шт | E28: 4 | G28: =ROUND(М[[#This Row],[Количество]]*М[[#This Row],[Цена за ед., руб]],2) -> 0
A29: Кран шаровой | B29: Valtec | C29: c НГ Ду-40 полнопроходной | D29: шт | E29: 2 | G29: =ROUND(М[[#This Row],[Количество]]*М[[#This Row],[Цена за ед., руб]],2) -> 0
A30: Кран шаровой | B30: Valtec | C30: c НГ Ду-50 полнопроходной | D30: шт | E30: 8 | G30: =ROUND(М[[#This Row],[Количество]]*М[[#This Row],[Цена за ед., руб]],2) -> 0
A31: Кран шаровой | B31: Valtec | C31: муфтовый со штуцером Ду-20 | D31: шт | E31: 4 | G31: =ROUND(М[[#This Row],[Количество]]*М[[#This Row],[Цена за ед., руб]],2) -> 0
A32: Кран шаровой | B32: LD | C32: фланцевый Ду-100 PN1,6 с электроприводом | D32: шт | E32: 1 | G32: =ROUND(М[[#This Row],[Количество]]*М[[#This Row],[Цена за ед., руб]],2) -> 0
A33: Кран шаровой | B33: LD | C33: межфланцевый СТРИЖ Ду-80 PN1,6 | D33: шт | E33: 2 | G33: =ROUND(М[[#This Row],[Количество]]*М[[#This Row],[Цена за ед., руб]],2) -> 0
A34: Кран шаровой | B34: Valtec | C34: ВР-ВР Ду-15 полнопроходной | D34: шт | E34: 141 | G34: =ROUND(М[[#This Row],[Количество]]*М[[#This Row],[Цена за ед., руб]],2) -> 0
A35: Кран шаровой | B35: LD | C35: фланцевый Ду-80 | D35: шт | E35: 6 | G35: =ROUND(М[[#This Row],[Количество]]*М[[#This Row],[Цена за ед., руб]],2) -> 0
A36: Кран шаровой | B36: LD | C36: фланцевый Ду-100 | D36: шт | E36: 2 | G36: =ROUND(М[[#This Row],[Количество]]*М[[#This Row],[Цена за ед., руб]],2) -> 0
A37: Кран трехходовой для манометра | C37: Ду-15 Ру-16 G1/2-М20х1,5 латунь | D37: шт | E37: 3 | G37: =ROUND(М[[#This Row],[Количество]]*М[[#This Row],[Цена за ед., руб]],2) -> 0
A38: Фильтр сетчатый | B38: REON | C38: фланцевый Ду-100 | D38: шт | E38: 1 | G38: =ROUND(М[[#This Row],[Количество]]*М[[#This Row],[Цена за ед., руб]],2) -> 0
A39: Насосная установка повышения давления | B39: WILO либо аналог | C39: 16бар Q=21.83 м3/час Н=73,93 м | D39: шт | E39: 1 | G39: =ROUND(М[[#This Row],[Количество]]*М[[#This Row],[Цена за ед., руб]],2) -> 0 | H39: COR-3 MVL 810/SKw-EB-R (или аналог) в комплекте с фиброкомпенсаторами фланцевыми
A40: Клапан балансировочный | B40: Weser | C40: ручной MVT-R Ду-40 Ру-16бар | D40: шт | E40: 2 | G40: =ROUND(М[[#This Row],[Количество]]*М[[#This Row],[Цена за ед., руб]],2) -> 0
A41: Клапан балансировочный | B41: Weser | C41: ручной MVT-R Ду-25 Ру-16бар | D41: шт | E41: 4 | G41: =ROUND(М[[#This Row],[Количество]]*М[[#This Row],[Цена за ед., руб]],2) -> 0
A42: Клапан балансировочный | B42: Weser | C42: ручной MVT-R Ду-15 Ру-16бар | D42: шт | E42: 2 | G42: =ROUND(М[[#This Row],[Количество]]*М[[#This Row],[Цена за ед., руб]],2) -> 0
A43: Клапан обратный | B43: Valtec | C43: муфтовый Ду-15 Ру-16бар | D43: шт | E43: 2 | G43: =ROUND(М[[#This Row],[Количество]]*М[[#This Row],[Цена за ед., руб]],2) -> 0
A44: Клапан обратный | B44: REON | C44: Межфланцевый Ду-100 Ру-16бар | D44: шт | E44: 2 | G44: =ROUND(М[[#This Row],[Количество]]*М[[#This Row],[Цена за ед., руб]],2) -> 0
A45: Клапан обратный | B45: Valtec | C45: муфтовый Ду-20 Ру-16бар | D45: шт | E45: 2 | G45: =ROUND(М[[#This Row],[Количество]]*М[[#This Row],[Цена за ед., руб]],2) -> 0
A46: Клапан обратный | B46: REON | C46: Межфланцевый Ду-80 Ру-16бар | D46: шт | E46: 3 | G46: =ROUND(М[[#This Row],[Количество]]*М[[#This Row],[Цена за ед., руб]],2) -> 0
A47: Клапан регулирующий | B47: Valtec | C47: понижения давления резьбовой Ду-20Ру-10 бар | D47: шт | E47: 1 | G47: =ROUND(М[[#This Row],[Количество]]*М[[#This Row],[Цена за ед., руб]],2) -> 0
A48: Труба полиэтиленовая (пог.м.) | C48: ПЭ-100 SDR13,6 DN225х16,6 | D48: пог. м | E48: 4 | G48: =ROUND(М[[#This Row],[Количество]]*М[[#This Row],[Цена за ед., руб]],2) -> 0
A49: Теплоизоляция трубная | B49: K-FLEX | C49: 76х13мм вспененный полиэтилен | D49: пог. м | E49: 105 | G49: =ROUND(М[[#This Row],[Количество]]*М[[#This Row],[Цена за ед., руб]],2) -> 0
A50: Теплоизоляция трубная | B50: K-FLEX | C50: 89х13мм вспененный полиэтилен | D50: пог. м | E50: 30 | G50: =ROUND(М[[#This Row],[Количество]]*М[[#This Row],[Цена за ед., руб]],2) -> 0
A51: Теплоизоляция трубная | B51: K-FLEX | C51: 57х13мм вспененный полиэтилен | D51: пог. м | E51: 20 | G51: =ROUND(М[[#This Row],[Количество]]*М[[#This Row],[Цена за ед., руб]],2) -> 0
A52: Теплоизоляция трубная | B52: K-FLEX | C52: 50х13мм вспененный полиэтилен | D52: пог. м | E52: 72 | G52: =ROUND(М[[#This Row],[Количество]]*М[[#This Row],[Цена за ед., руб]],2) -> 0
A53: Теплоизоляция трубная | B53: K-FLEX | C53: 92х13мм вспененный полиэтилен | D53: пог. м | E53: 130 | G53: =ROUND(М[[#This Row],[Количество]]*М[[#This Row],[Цена за ед., руб]],2) -> 0
A54: Теплоизоляция трубная | B54: K-FLEX | C54: 110х13мм вспененный полиэтилен | D54: пог. м | E54: 12 | G54: =ROUND(М[[#This Row],[Количество]]*М[[#This Row],[Цена за ед., руб]],2) -> 0
A55: Теплоизоляция трубная | B55: K-FLEX | C55: 63х13мм вспененный полиэтилен | D55: пог. м | E55: 104 | G55: =ROUND(М[[#This Row],[Количество]]*М[[#This Row],[Цена за ед., руб]],2) -> 0
A56: Теплоизоляция трубная | B56: K-FLEX | C56: 28х13мм вспененный полиэтилен | D56: пог. м | E56: 716 | G56: =ROUND(М[[#This Row],[Количество]]*М[[#This Row],[Цена за ед., руб]],2) -> 0
A57: Теплоизоляция трубная | B57: K-FLEX | C57: 35х13мм вспененный полиэтилен | D57: пог. м | E57: 62 | G57: =ROUND(М[[#This Row],[Количество]]*М[[#This Row],[Цена за ед., руб]],2) -> 0
A58: Теплоизоляция трубная | B58: K-FLEX | C58: 42х13мм вспененный полиэтилен | D58: пог. м | E58: 12 | G58: =ROUND(М[[#This Row],[Количество]]*М[[#This Row],[Цена за ед., руб]],2) -> 0
A59: Фитинги для ППН трубы | D59: % | G59: =SUMIF(ЛСР!$B$6:$K$119,М[[#This Row],[Наим.]],ЛСР!$J$6:$J$119) -> 0 | H59: для всех разделов, расчитывается от стоимости материалов
A60: Фитинги для ПЭ трубы | D60: % | G60: =SUMIF(ЛСР!$B$6:$K$119,М[[#This Row],[Наим.]],ЛСР!$J$6:$J$119) -> 0 | H60: для всех разделов, расчитывается от стоимости материалов
A61: Фитинги для стальной трубы | D61: % | G61: =SUMIF(ЛСР!$B$6:$K$119,М[[#This Row],[Наим.]],ЛСР!$J$6:$J$119) -> 0 | H61: для всех разделов, расчитывается от стоимости материалов
A62: Прочие материалы | D62: % | G62: =SUMIF(ЛСР!$B$6:$K$119,М[[#This Row],[Наим.]],ЛСР!$J$6:$J$119) -> 0 | H62: для всех разделов, расчитывается от стоимости материалов
A63: Итог | G63: =SUBTOTAL(109,М[Сумма, руб]) -> 0
F65: Проверка: | G65: =ЛСР!J122-М[[#Totals],[Сумма, руб]] -> 0

Sheet ПараметрыЗагрузки
A1: ЛСР | B1: ЛСРГуид
A2: ГП-72.106.05.11.02 Секция 5_Устройство системы водоснабжения №1 | B2: 17ab6b8e-bec7-11f0-8b59-a036bcbd010b
